 Dungeon Crawl Stone Soup version 0.28.0-45-g0d030f2227 (webtiles) character file.

Game seed: 6890667245846611453

46 nickcage the Slasher (level 3, -2/27 HPs)
             Began as a Demonspawn Gladiator on Apr 14, 2022.
             Slain by an adder (3 damage)
             ... on level 2 of the Dungeon.
             The game lasted 00:01:50 (1356 turns).

nickcage the Slasher (Demonspawn Gladiator)         Turns: 1356, Time: 00:01:51

Health: -2/27      AC:  3    Str: 16    XL:     3   Next: 46%
Magic:  3/3        EV:  7    Int:  9    God:
Gold:   88         SH: 10    Dex: 14    Spells: 2/2 levels left

rFire   . . .      SeeInvis .   a - +0 long sword
rCold   . . .      Faith    .   g - +0 tower shield
rNeg    . . .      Spirit   .   b - +0 leather armour
rPois   .          Reflect  .   (helmet restricted)
rElec   .          Harm     .   (no cloak)
rCorr   .          Rampage  .   (no gloves)
Will    .....                   (no boots)
Stlth   +.........              (no amulet)
HPRegen 0.09/turn               (no ring)
MPRegen 0.08/turn               (no ring)

@: lethally poisoned (-2 -> -5), hasted, very quick
A: antennae 2
a: no special abilities


You were on level 2 of the Dungeon.
You visited 1 branch of the dungeon, and saw 2 of its levels.

You collected 88 gold pieces.

Inventory:

Hand Weapons
 a - a +0 long sword (weapon)
Missiles
 d - 3 throwing nets (quivered)
Armour
 b - a +0 leather armour (worn)
 c - a +0 helmet
 g - a +0 tower shield (worn)
Scrolls
 e - a scroll of summoning {unknown}
 j - a scroll of fear {unknown}
Potions
 h - a potion of curing {unknown}
 i - a potion of magic {unknown}


   Skills:
 - Level 2.0 Fighting
 + Level 4.1 Long Blades
 - Level 1.7 Throwing
 - Level 2.6 Dodging
 + Level 0.1 Shields


You had 2 spell levels left.
You didn't know any spells.
Your spell library was empty.

Dungeon Overview and Level Annotations

Branches:
Dungeon (2/15)

Altars:


Innate Abilities, Weirdness & Mutations

You have a pair of antennae on your head.


Message History

The adder bites you.
You slash the adder!
The adder is almost dead.
You block the adder's attack. The frilled lizard bites you.
The adder barely misses you.
You barely miss the adder.
The adder is almost dead.
The frilled lizard unfolds its giant frill.
You block the frilled lizard's attack. The adder completely misses you.
The frilled lizard bites you. The adder barely misses you.
You are too injured to fight recklessly!
You barely miss the adder.
The adder is almost dead.
You block the adder's attack. You block the frilled lizard's attack.
The adder closely misses you.
The frilled lizard bites you but does no damage.
You closely miss the adder.
The adder is severely wounded.
You block the adder's attack. The frilled lizard bites you.
The adder barely misses you.
You closely miss the adder.
The adder is severely wounded.
The adder bites you. You block the frilled lizard's attack.
The adder bites you.
* * * LOW HITPOINT WARNING * * *
You are poisoned.
The adder poisons you! The frilled lizard barely misses you.
You closely miss the adder.
The adder is severely wounded.
* * * LOW HITPOINT WARNING * * *
You feel very sick. You block the adder's attack.
You block the frilled lizard's attack. The adder bites you.
* * * LOW HITPOINT WARNING * * *
The frilled lizard bites you.
* * * LOW HITPOINT WARNING * * *
It was a potion of haste.
You feel yourself speed up.
* * * LOW HITPOINT WARNING * * *
You feel sick. The adder barely misses you. The adder bites you.
You die...

#.# ##.....# #..
##....# ..
#....####(♣ ...
#.........♣ ....
#†....###.♣
.....#....####.♣
...............♣♣
.....#.......$..♣♣
.....#....##@†...♣
.#..
#######Sl....♣ #.
#.......♣ #.
.........
........#
.....>....
.........#
..........#


You could see an adder and a frilled lizard.

Vanquished Creatures
  A gnoll (D:1)
  An adder (D:2)
  A worm (D:2)
  A ball python (D:1)
  6 bats (D:1)
  An endoplasm (D:1)
  4 hobgoblins
  2 jackals (D:1)
  A frilled lizard (D:1)
  3 goblins (D:1)
  2 rats (D:1)
23 creatures vanquished.

Notes
Turn   | Place    | Note
-------+----------+-------------------------------------------
     0 | D:1      | nickcage the Demonspawn Gladiator began the quest for the
                  | Orb.
     0 | D:1      | Reached XP level 1. HP: 16/16 MP: 1/1
    83 | D:1      | Reached skill level 3 in Long Blades
   342 | D:1      | Gained mutation: You have a pair of small antennae on your
                  | head. [demonic ancestry]
   342 | D:1      | Reached XP level 2. HP: 19/22 MP: 2/2
   652 | D:1      | Gained mutation: You have a pair of antennae on your head.
                  | [demonic ancestry]
   652 | D:1      | Reached XP level 3. HP: 7/27 MP: 3/3
  1343 | D:2      | Reached skill level 4 in Long Blades
  1356 | D:2      | HP: 1/27 [poisoned by an adder]
  1356 | D:2      | Slain by an adder

Illustrated notes

Levels and vault maps discovered:
D:1:      nicolae_arrival_somewhat_less_tricky_arrival, layout_basic,
          chequers_serial_rivers_micro_b
D:2:      layout_rooms, dilly_ecumenical_altar_fadedgnrine

Skill      XL: |  1  2  3 |
---------------+----------+-----
Long Blades    | 3 4 |  4.1
Fighting       | |  2.0
Throwing       | |  1.7
Dodging        | |  2.6
Shields        | |  0.1

Action                   || total
-------------------------++-------
Melee: Long sword        ||    63
  Use: Potion            ||     1
Armor: Leather armour    ||    15
Dodge: Dodged            ||    45
Block: Tower shield      ||    30
